 Dungeon Crawl Stone Soup version 0.28.0-43-g3370ac3207 (webtiles) character file.

Game seed: 4982427223094183150

11 Descartes the Ducker (level 2, -2/14 HPs)
             Began as a Felid Wanderer on Mar 22, 2022.
             Slain by an adder (3 damage)
             ... on level 2 of the Dungeon.
             The game lasted 00:00:51 (569 turns).

Descartes the Ducker (Felid Wanderer)                Turns: 569, Time: 00:00:52

Health: -2/14      AC:  1    Str:  7    XL:     2   Next: 13%
Magic:  3/3        EV: 19    Int: 11    God:
Gold:   24         SH:  0    Dex: 18    Spells: 1/1 levels left
                                        Lives:  0   Deaths: 0

rFire   . . .      SeeInvis +   (weapon unavailable)
rCold   . . .      Faith    .   (shield unavailable)
rNeg    . . .      Spirit   .   (armour unavailable)
rPois   .          Reflect  .   (helmet unavailable)
rElec   .          Harm     .   (cloak unavailable)
rCorr   .          Rampage  .   (gloves unavailable)
Will    .....                   (boots unavailable)
Stlth   ++........              (no amulet)
HPRegen 0.04/turn               (no ring)
MPRegen 0.08/turn               (no ring)

@: quick
A: very small, claws 1, fangs 3, see invisible, speed 1, shaggy fur 1, stealthy
paws, no weapons or thrown items, no armour, multi-lived
a: no special abilities


You were on level 2 of the Dungeon.
You visited 1 branch of the dungeon, and saw 2 of its levels.

You collected 24 gold pieces.

Inventory:

Jewellery
 c - an amulet of magic regeneration
Potions
 b - a potion of attraction
 d - a potion of resistance {unknown}
 e - a potion of brilliance {unknown}
Miscellaneous
 a - a box of beasts (quivered)


   Skills:
 - Level 3.0 Fighting
 + Level 4.1 Dodging
 + Level 1.7 Stealth
 + Level 0.4 Unarmed Combat
 + Level 0.8 Translocations
 + Level 0.6 Transmutations
 + Level 3.4 Evocations


You had one spell level left.
You didn't know any spells.
Your spell library was empty.

Dungeon Overview and Level Annotations

Branches:
Dungeon (1/15)

Altars:


Innate Abilities, Weirdness & Mutations

You have sharp claws.
You have razor-sharp teeth.
You have supernaturally acute eyesight. (SInv)
You cover ground quickly. (Speed+)
You are covered in fur. (AC +1)
Your paws help you pounce on unaware monsters.
You are incapable of wielding weapons or throwing items.
You cannot wear armour.
You gain extra lives every three experience levels.


Message History

You feel sick.
You closely miss the adder.
You feel sick. The adder misses you. The adder completely misses you.
You are too injured to fight recklessly!
You are too injured to fight recklessly!
You scratch the adder.
The adder is moderately wounded.
You feel sick.
You are no longer poisoned.
The adder completely misses you.
You scratch the adder. Your bite misses the adder.
The adder is severely wounded.
The adder misses you.
You barely miss the adder. Your bite misses the adder.
The adder is severely wounded.
The adder bites you.
You are poisoned.
The adder poisons you!
You closely miss the adder.
The adder is severely wounded.
* * * LOW HITPOINT WARNING * * *
You feel sick. The adder misses you. The adder completely misses you.
You miss the adder.
The adder is severely wounded.
* * * LOW HITPOINT WARNING * * *
You feel sick. The adder closely misses you.
You scratch the adder but do no damage. Your bite misses the adder.
The adder is severely wounded.
* * * LOW HITPOINT WARNING * * *
You feel sick. The adder completely misses you.
You scratch the adder but do no damage. You claw the adder.
The adder is almost dead.
* * * LOW HITPOINT WARNING * * *
You feel sick.
You are no longer poisoned.
The adder barely misses you. The adder completely misses you.
You barely miss the adder.
The adder is almost dead.
The adder bites you.
You die...

#########
#####.......#
#.........#
.##.##....#
.......J#.......
.##.###S#.###.##
#@#.#
#...........#
#############


You could see an adder and an endoplasm.

Vanquished Creatures
  3 bats (D:1)
  A goblin (D:1)
  3 hobgoblins (D:1)
  2 frilled lizards (D:1)
  A rat (D:1)
10 creatures vanquished.

Notes
Turn   | Place    | Note
-------+----------+-------------------------------------------
     0 | D:1      | Descartes the Felid Wanderer began the quest for the Orb.
     0 | D:1      | Descartes set off with the following items: a box of
                  | beasts, a potion of attraction
     0 | D:1      | Reached XP level 1. HP: 10/10 MP: 2/2
   276 | D:1      | Reached XP level 2. HP: 5/14 MP: 3/3
   555 | D:1      | You fall into a shaft and drop 1 floor!
   569 | D:2      | Slain by an adder

Illustrated notes

Levels and vault maps discovered:
D:1:      minmay_arrival_solitary_statue, layout_basic, minivault_14
D:2:      layout_loops_cross, basic_ecumenical_altar

Action                   || total
-------------------------++-------
Melee: Unarmed           ||    43
       Bite              ||     5
       Punch             ||     3
 Stab: Sleeping          ||     2
Armor: Skin              ||     4
Dodge: Dodged            ||    50
